 Dungeon Crawl Stone Soup version 0.29.0-7-g18a832c13a (webtiles) character file.

Game seed: 17469405116405612328

390164 PieDemon the Sorcerer (level 24, -10/156 HPs)
             Began as a Meteoran Venom Mage on Aug 29, 2022.
             Was the Champion of Vehumet.
             Mangled by a bone dragon (18 damage)
             ... while paralysed by a floating eye
             ... on level 3 of the Abyss on Aug 30, 2022.
             The game lasted 06:02:59 (15384 turns).

PieDemon the Sorcerer (Meteoran Venom Mage)        Turns: 15384, Time: 06:03:00

Health: -10/156    AC: 11    Str:  8    XL:     24   Next: 43%
Magic:  49/49      EV:  2    Int: 44    God:    Vehumet [******]
Gold:   2127       SH:  0    Dex: 11    Spells: 5/66 levels left

rFire   + . .      SeeInvis +   a - +9 eveningstar
rCold   + . .      Faith    .   t - +5 tower shield
rNeg    + . .      Spirit   .   k - +2 leather armour "Zieblucw" {rPois Regen+ SInv Stlth-}
rPois   +          Reflect  +   l - +2 helmet {SInv}
rElec   .          Harm     .   G - scarf {rC+ rF+}
rCorr   .          Rampage  .   z - +1 pair of gloves of Wariness {Will+}
Will    ++++.                   U - +0 pair of boots of Beogh's Delight {*Slow Regen+ Int+6}
Stlth   ..........              Q - amulet of reflection
HPRegen 1.96/turn               O - +6 ring of intelligence
MPRegen 0.31/turn               Y - ring "Howeif" {rN+ Int+4}

@: paralysed, flayed, glowing, silenced, unable to read, unable to drink
A: sense surroundings 3, otherworldly, glowing, explore regen, [clumsy 2],
[deformed body], [deterioration 2], [frail 2], [screaming 2], ([teleportitis
2]), [weak 2], [subdued magic 2], [inability to drink after injury 2],
[inability to read after injury 2]
}: 4/15 runes: serpentine, barnacled, slimy, silver
a: Renounce Religion


You were on level 3 of the Abyss.
You worshipped Vehumet.
Vehumet was exalted by your worship.
You visited 8 branches of the dungeon, and saw 44 of its levels.
You visited the Abyss 1 time.

You collected 2825 gold pieces.
You spent 698 gold pieces at shops.

Inventory:

Hand Weapons
 a - a +9 eveningstar (weapon)
Missiles
 A - 4 throwing nets
 T - 2 silver javelins
Armour
 k - the +2 leather armour "Zieblucw" (worn) {rPois Regen+ SInv Stlth-}
   (You found it on level 8 of the Dungeon)

   rPois:     It protects you from poison.
   SInv:      It lets you see invisible.
   Regen:     It increases your rate of health regeneration.
   Stlth:     It makes you less stealthy.
 l - a +2 helmet of see invisible (worn)
 t - a +5 tower shield (worn)
 z - the +1 pair of gloves of Wariness (worn) {Will+}
   (You found it on level 14 of the Dungeon)

   Will:      It increases your willpower.
 G - a scarf of resistance (worn)
 U - the +0 pair of boots of Beogh's Delight (worn) {*Slow Regen+ Int+6}
   (You found it on level 4 of the Shoals)

   Int:       It affects your intelligence (+6).
   Regen:     It increases your rate of health regeneration.
   *Slow:     It may slow you when you take damage.
Magical Staves
 d - a staff of earth
 e - a staff of air
Jewellery
 h - a ring of protection from fire
 M - a ring of willpower
 O - a +6 ring of intelligence (left hand)
 Q - an amulet of reflection (around neck)
 V - a ring of poison resistance
 W - a ring of resist corrosion
 Y - the ring "Howeif" (right hand) {rN+ Int+4}
   (You found it on level 5 of the Pits of Slime)

   [ring of positive energy]

   Int:       It affects your intelligence (+4).
   rN:        It protects you from negative energy.
Wands
 r - a wand of polymorph (15)
 y - a wand of mindburst (8)
 F - a wand of charming (8)
 P - a wand of iceblast (5)
 X - a wand of digging (4)
Scrolls
 j - 5 scrolls of fear
 p - 6 scrolls of poison
 s - a scroll of magic mapping
 u - a scroll of blinking
 B - 10 scrolls of fog
 H - 2 scrolls of torment
 N - 2 scrolls of immolation
 R - a scroll of teleportation
 Z - a scroll of vulnerability
Potions
 n - 2 potions of ambrosia
 o - 2 potions of resistance
 q - a potion of magic
 w - 3 potions of berserk rage
 x - 5 potions of attraction
 C - 7 potions of flight
 D - 3 potions of might
 E - 3 potions of brilliance
 J - 10 potions of curing
 K - 4 potions of lignification
 L - 3 potions of mutation
Miscellaneous
 i - a phial of floods (inert)
 v - a box of beasts (inert)
 I - a tin of tremorstones (2/2)
 S - a condenser vane


   Skills:
 - Level 12.0 Fighting
 - Level 12.0 Maces & Flails
 - Level 8.0 Armour
 - Level 12.0 Dodging
 - Level 1.4 Stealth
 + Level 17.5 Shields
 + Level 21.9 Spellcasting
 - Level 18.0 Conjurations
 - Level 4.0 Transmutations
 * Level 19.4 Air Magic
 - Level 14.0 Earth Magic
 - Level 10.0 Poison Magic
 - Level 8.0 Evocations


You had 5 spell levels left.
You knew the following spells:

 Your Spells              Type           Power      Damage    Failure   Level
a - Olgreb's Toxic Radia  Pois           71%        N/A       1%          4
b - Orb of Destruction    Conj           46%        9d12      1%          7
c - Iron Shot             Conj/Erth      43%        9d8       1%          6
d - Lee's Rapid Deconstr  Erth           41%        3d21*     1%          5
e - Maxwell's Capacitive  Air            47%        ∞         1%          8
f - Lightning Bolt        Conj/Air       46%        1d66      0%          5
g - Chain Lightning       Conj/Air       46%        3d62      14%         9
h - Statue Form           Tmut/Erth      45%        N/A       3%          6
j - Irradiate             Conj/Tmut      37%        3d24      1%          5
k - Conjure Ball Lightni  Conj/Air       46%        3x3d16    0%          6

Your spell library contained the following spells:

 Spells                   Type           Power      Damage    Failure   Level
 Ignition                 Fire           15%        3d6       100%        8
 Foxfire                  Conj/Fire      100%       2x1d9     0%          1
 Sandblast                Erth           100%       2d20      0%          1
 Shock                    Conj/Air       100%       1d9       0%          1
 Passwall                 Tmut/Erth      56%        N/A       0%          2
 Poisonous Vapours        Pois/Air       100%       N/A       0%          2
 Mephitic Cloud           Conj/Pois/Air  87%        N/A       0%          3
 Stone Arrow              Conj/Erth      100%       3d13      0%          3
 Sting                    Tmut/Pois      100%       1d8       1%          1
 Scorch                   Fire           60%        2d8       1%          2
 Sublimation of Blood     Necr           30%        N/A       1%          2
 Ignite Poison            Fire/Tmut/Pois 54%        N/A       1%          3
 Animate Armour           Summ/Erth      100%       N/A       1%          4
 Corpse Rot               Necr/Pois/Air  71%        N/A       1%          4
 Flame Wave               Conj/Fire      68%        2d15      1%          4
 Hailstorm                Conj/Ice       68%        3d14      1%          4
 Leda's Liquefaction      Hex/Erth       31%        N/A       1%          4
 Petrify                  Tmut/Erth      68%        N/A       1%          4
 Freezing Cloud           Conj/Ice/Air   39%        6-21      1%          5
 Call Canine Familiar     Summ           30%        N/A       2%          3
 Ozocubu's Armour         Ice            30%        N/A       2%          3
 Portal Projectile        Hex/Tloc       60%        N/A       2%          3
 Summon Guardian Golem    Hex/Summ       30%        N/A       2%          3
 Tukima's Dance           Hex            30%        N/A       2%          3
 Ice Form                 Ice/Tmut       41%        N/A       3%          4
 Yara's Violent Unravell  Hex/Tmut       20%        3d9       3%          5
 Passage of Golubria      Tloc           30%        N/A       10%         4
 Summon Forest            Summ/Tloc      15%        N/A       30%         5
 Summon Mana Viper        Hex/Summ       30%        N/A       30%         5
 Lehudib's Crystal Spear  Conj/Erth      43%        10d11     2%          8
 Spellforged Servitor     Conj/Summ      34%        N/A       6%          7
 Dispersal                Tloc           15%        N/A       88%         6
 Simulacrum               Ice/Necr       15%        N/A       88%         6
 Summon Cactus Giant      Summ           15%        N/A       88%         6
 Ozocubu's Refrigeration  Ice            15%        4d10      92%         7
 Borgnjor's Revivificati  Necr           15%        N/A       100%        8
 Disjunction              Tloc           15%        N/A       100%        8
 Necromutation            Tmut/Necr      20%        N/A       100%        8
 Death's Door             Necr           15%        N/A       100%        9
 Polar Vortex             Ice            15%        N/A       100%        9


Dungeon Overview and Level Annotations

Branches:
Dungeon (15/15) Zot: 3307  Temple (0/1) D:5            Lair (5/5) D:11 Zot: 1080
 Shoals (4/4) Lair:2 Zot: 1467   Snake (4/4) Lair:3 Zot: 716   Slime (5/5) Lair:5 Zot: 2252
    Orc (2/2) D:10 Zot: 321     Elf (0/3) Orc:2        Vaults (5/5) D:13 Zot: 1399
  Crypt (0/3) Vaults:3     Depths (4/4) D:15 Zot: 702
    Zot: Depths:4

Altars:
Cheibriados
Dithmenos
Gozag
Nemelex Xobeh
Okawaru
Qazlal
Vehumet
Xom
Jiyva

Shops:
D:9 ?   Orc:1 (   Orc:2 [[(==

Portals:
Hell: Depths:1 Depths:4
Abyss: Depths:3
Pandemonium: Depths:2

Annotations:
D:1 exclusion: downstairs
D:3 exclusion: downstairs
D:8 exclusion: downstairs
D:9 3 runed translucent doors, pdpol's ghost, novice MiFi
Lair:2 exclusion: downstairs
Lair:4 exclusion: downstairs
Shoals:2 exclusion: upstairs
Snake:3 1 runed translucent door, exclusion: 2 downstairs, Nys Cevy's ghost, adept TrFi
Vaults:2 exclusion: downstairs
Vaults:3 exclusion: downstairs
Vaults:4 exclusions: downstairs and upstairs
Depths:2 exclusion: downstairs
Depths:3 exclusion: downstairs
Depths:4 2 transporters, exclusion: orange crystal statue, Barug's ghost, adept TrMo


Innate Abilities, Weirdness & Mutations

You passively map a large area around you.
You are easily found by Zot.
You glow in the dark.
You regain HP and MP as you explore.
[You are very clumsy. (Dex -4)]
[Armour fits poorly on your strangely shaped body.]
[Your body often deteriorates upon taking damage.]
[You are very frail. (-20% HP)]
[You frequently scream uncontrollably at your foes.]
[((You are often teleported next to monsters.))]
[You are very weak. (Str -4)]
[Your spells are easier to cast, but less powerful.]
[You sometimes lose the ability to drink potions when taking damage.]
[You sometimes lose the ability to read scrolls when taking damage.]


Message History

The bone dragon tramples your mature oxweird beast.
Your mature oxweird beast stumbles backwards!
The large abomination hits you.
* * * LOW HITPOINT WARNING * * *
Your mature oxweird beast hits the bone dragon.
Your mature oxweird beast tramples the bone dragon.
The bone dragon holds its ground!
You can move again.
There is a runelight, spattered with blood here.
Unknown command.
Okay, then.
The bone dragon barely misses your mature oxweird beast.
The bone dragon claws your mature oxweird beast.
The bone dragon tramples your mature oxweird beast!
Your mature oxweird beast holds its ground!
Your mature oxweird beast dies!
Your mature oxweird beast's corpse disappears in a puff of smoke!
The floating eye's view fixates on you.
You block the blizzard demon's attack. x2
Unknown command.
The abyss shimmers again as the detected abyssal rune vanishes from your memory and reappears.
The floating eye gazes piercingly through you!
You suddenly lose the ability to move!
The flayed ghost hits you!
* * * LOW HITPOINT WARNING * * *
The wretched star pulses with an eldritch light!
You occasionally lose the ability to read scrolls when taking damage.
You lose the ability to read scrolls when taking damage more often.
A wretched star comes into view.
The ancient zyme hits you.
* * * LOW HITPOINT WARNING * * *
The ancient zyme hits you.
* * * LOW HITPOINT WARNING * * *
You feel yourself growing ill in the presence of the ancient zyme.
The blizzard demon waves its arms in wide circles.
The air twists around and strikes you!
* * * LOW HITPOINT WARNING * * *
The bone dragon bites you!!
You feel threatened and lose the ability to read scrolls!
You die...

.## .# ..
##.. ####.. #
.....
#...#.#.
....#
......#......
#....#...#
#.W.*...#
#.D@# #..2xG#
#.##XC# #.
*XX. § ∆...⌠.
#§§.⌠## φ
##§#⌠## #. #
# ##.##⌠...#
#. #C. #∩⌠.
##


You could see a bone dragon, 2 wretched stars, an ettin, a blizzard demon
(unsilenced), a flayed ghost (unsilenced), an ancient zyme, a thrashing horror
(unsilenced), 2 large abominations and a floating eye (unsilenced).

Vanquished Creatures
  the Royal Jelly (Slime:5)
  An ancient lich (Vaults:5)
  A juggernaut (Depths:3)
  Frederick (Vaults:4)
  Saint Roka (Orc:2)
  Margery (Vaults:2)
  Nikola (Depths:1)
  5 golden dragons
  3 bone dragons (Abyss:3)
  Jorgrun (D:15)
  5 tentacled monstrosities
  2 walking earthen tomes (Depths:3)
  2 liches
  Asterion (Snake:4)
  3 titans
  A walking frostbound tome (Depths:3)
  Polyphemus (Shoals:2)
  17 acid blobs
  4 sphinxes (Depths:3)
  Kirke (D:13)
  A tentacled starspawn (Abyss:3)
  Gastronok (D:8)
  Agnes (D:15)
  3 tengu reavers
  2 shadow dragons
  Donald (Snake:4)
  2 storm dragons
  5 nagarajas (Snake:4)
  4 rockslimes (Slime:5)
  7 fire giants
  4 frost giants
  A draconian monk (Depths:4)
  9 azure jellies
  An iron dragon (shapeshifter) (Depths:3)
  2 orc warlords
  An iron dragon (Depths:4)
  5 spectral caustic shrikes (Depths:4)
  9 vault wardens
  Aizul (Snake:3)
  17 very ugly things
  3 ironbound preservers
  A reaper (Depths:2)
  2 draconian annihilators (Depths:4)
  13 quicksilver oozes
  7 stone giants
  7 ironbound thunderhulks
  3 green draconians
  2 war gargoyles (Vaults:4)
  A vampire knight (Depths:1)
  Azrael (D:15)
  3 black draconians (Depths:4)
  5 purple draconians (Depths:4)
  2 red draconians (Depths:4)
  2 entropy weavers (Vaults:2)
  A dire elephant (Vaults:3)
  Snorg (D:12)
  7 ettins
  3 white draconians (Depths:4)
  A crystal guardian (Vaults:2)
  5 merfolk impalers (Shoals:4)
  A deep elf death mage (Vaults:5)
  4 merfolk javelineers
  3 yaktaur captains
  Josephine (D:11)
  3 fire dragons
  5 great orbs of eyes
  An ogre mage (Vaults:4)
  Harold (D:11)
  2 rakshasas
  11 ice dragons
  A salamander tyrant (Snake:4)
  A boulder beetle (D:11)
  5 hydras
  2 peacekeepers
  25 vault guards
  9 centaur warriors
  4 ironbound frosthearts
  A catoblepas (Shoals:2)
  5 anacondas
  A hell beast (Depths:1)
  Erolcha (Orc:1)
  3 two-headed ogres
  2 death knights (D:15)
  5 tengu warriors
  2 merfolk aquamancers (Shoals:4)
  16 naga warriors
  A satyr (Shoals:4)
  3 deep troll shamans
  3 deep troll earth magi
  Urug (D:10)
  3 death yaks (Shoals:2)
  15 naga sharpshooters
  A thrashing horror (Abyss:2)
  3 vampire magi
  6 spriggan berserkers
  5 shock serpents
  11 hell knights
  A spriggan (Depths:2)
  A sun demon (Depths:2)
  An iron troll (Depths:1)
  A soul eater (Depths:1)
  2 goliath frogs (Lair:5)
  3 skeletal warriors (D:15)
  2 wretched stars
  3 salamander mystics
  4 flayed ghosts
  2 starcursed masses (Abyss:2)
  8 glowing orange brains
  2 death drakes (Depths:4)
  14 deep trolls
  4 sea snakes
  A swamp dragon (shapeshifter) (Depths:3)
  5 ironbound convokers
  2 lindwurms (Vaults:3)
  A golden dragon skeleton (Depths:3)
  3 phantasmal warriors
  6 mana vipers (Snake:4)
  8 wizards
  7 orc knights
  4 necromancers
  4 orc sorcerers
  7 naga ritualists
  3 deep elf pyromancers
  A harpy (Shoals:4)
  9 salamanders
  22 ugly things
  2 fauns (Shoals:2)
  A fire giant zombie (Depths:3)
  7 large abominations (Depths:3)
  A frost giant skeleton (Depths:3)
  5 elephants
  3 cyclopes
  4 merfolk sirens
  8 manticores
  27 black mambas
  10 vault sentinels
  A torpor snail (Lair:2)
  A rust devil (Depths:2)
  A smoke demon (Abyss:3)
  An eye of devastation (Slime:5)
  12 naga magi
  2 water nymphs (Shoals:4)
  2 guardian serpents
  13 cane toads
  A cane toad (shapeshifter) (Depths:3)
  An orange demon (Depths:2)
  A gargoyle (D:10)
  9 komodo dragons
  An unseen horror (Depths:3)
  4 freezing wraiths (D:15)
  A rime drake (Lair:5)
  A demonic crawler (Abyss:2)
  2 kobold demonologists (D:13)
  13 yaktaurs
  A tormentor (Vaults:2)
  A yaktaur (shapeshifter) (D:15)
  A queen bee (shapeshifter) (D:15)
  A merfolk (shapeshifter) (Depths:4)
  2 ancient zymes
  6 meliai (D:15)
  8 merfolk
  3 trolls
  Grinder (D:4)
  26 blink frogs
  11 wind drakes
  7 polar bears
  A snapping turtle (Shoals:1)
  3 hornets
  5 dream sheep
  2 tyrant leeches (Lair:5)
  67 slime creatures
  16 water elementals
  A shadow (D:10)
  7 air elementals (Shoals:4)
  4 wraiths (D:11)
  49 yaks
  A ynoxinul (Abyss:3)
  4 wyverns
  6 hogs
  6 humans (D:10)
  A golden eye (shapeshifter) (Abyss:2)
  A neqoxec (Depths:2)
  3 fire elementals (D:15)
  4 redbacks (Vaults:2)
  8 vampire mosquitoes
  4 chaos spawn
  Edmund (D:5)
  9 wargs
  27 nagas
  11 water moccasins
  3 acid dragons
  Duvessa (D:5)
  A glowing shapeshifter skeleton (Depths:3)
  A hell hound (D:15)
  A sky beast (shapeshifter) (Depths:4)
  A sky beast (D:7)
  2 ice beasts (D:6)
  2 black bears
  A fire dragon simulacrum (Abyss:2)
  35 orc warriors
  11 boggarts
  4 ogres
  5 wolves (Lair:1)
  12 centaurs
  5 small abominations
  A kobold brigand (D:10)
  17 bullfrogs
  A necrophage (D:5)
  3 scorpions
  A gnoll sergeant (D:9)
  5 wights
  Dowan (D:5)
  8 killer bees
  4 howler monkeys
  4 electric eels
  9 orc priests
  An iron imp (Abyss:3)
  Jessica (D:3)
  Ijyb (D:4)
  An iguana (D:5)
  12 orc wizards
  Robin (D:3)
  8 gnolls
  7 adders
  3 white imps
  3 ufetubi
  A worm (D:4)
  3 dart slugs
  71 orcs
  2 bats
  4 endoplasms
  3 giant cockroaches
  11 goblins
  8 hobgoblins
  5 jackals (D:2)
  5 quokkas
  3 ball pythons
  5 frilled lizards
  13 kobolds
  8 rats
  A ball lightning (Vaults:4)
  A butterfly (Lair:2)
1263 creatures vanquished.

Vanquished Creatures (collateral kills)
  An ettin (Abyss:3)
  A naga sharpshooter (Snake:3)
  A salamander mystic (Snake:4)
  An unseen horror (Depths:3)
  A naga (Snake:3)
  A ball lightning (Depths:2)
6 creatures vanquished.

Vanquished Creatures (others)
  A very ugly thing (Depths:3)
  3 ettins (Abyss:3)
  A naga sharpshooter (Snake:4)
  A shock serpent (Snake:3)
  An elf zombie (Vaults:3)
  87 ball lightnings
  17 fungi
  97 plants
  A starspawn tentacle (Abyss:3)
209 creatures vanquished.

Grand Total: 1478 creatures vanquished

Notes
Turn   | Place    | Note
-------+----------+-------------------------------------------
     0 | D:1      | PieDemon the Meteoran Venom Mage began the quest for the
                  | Orb.
     0 | D:1      | Reached XP level 1. HP: 14/14 MP: 5/5
   132 | D:1      | Reached XP level 2. HP: 20/20 MP: 4/6
   159 | D:1      | Reached skill level 3 in Spellcasting
   266 | D:2      | Reached XP level 3. HP: 20/26 MP: 4/8
   323 | D:2      | Reached skill level 5 in Poison Magic
   334 | D:2      | Learned a level 2 spell: Poisonous Vapours
   407 | D:2      | Reached XP level 4. HP: 8/33 MP: 0/9
   412 | D:2      | Learned a level 4 spell: Olgreb's Toxic Radiance
   556 | D:3      | You fall into a shaft and drop 3 floors!
   556 | D:6      | Found a sparkling altar of Nemelex Xobeh.
   576 | D:7      | Noticed a scorpion
   580 | D:7      | Killed a scorpion
   581 | D:7      | Reached XP level 5. HP: 36/38 MP: 3/11
   639 | D:6      | Noticed an ice beast
   657 | D:6      | Killed an ice beast
   658 | D:6      | Reached skill level 4 in Spellcasting
   658 | D:6      | Reached XP level 6. HP: 38/45 MP: 11/13
   717 | D:5      | Entered Level 5 of the Dungeon
   717 | D:5      | Noticed an ogre
   731 | D:5      | Killed an ogre
   757 | D:5      | Reached XP level 7. HP: 44/50 MP: 10/14
   859 | D:4      | Found a radiant altar of Vehumet.
   870 | D:4      | Became a worshipper of Vehumet
   891 | D:4      | Noticed Grinder
   911 | D:4      | Killed Grinder
   940 | D:4      | Noticed Ijyb
   946 | D:3      | Noticed Jessica
   951 | D:3      | Killed Jessica
   952 | D:3      | Reached XP level 8. HP: 57/57 MP: 8/15
   957 | D:3      | Noticed Robin
   963 | D:3      | Killed Robin
  1249 | D:4      | Learned a level 3 spell: Mephitic Cloud
  1271 | D:4      | Reached * piety under Vehumet
  1271 | D:4      | Offered knowledge of Shock by Vehumet.
  1274 | D:4      | Learned a level 1 spell: Shock
  1304 | D:4      | Killed Ijyb
  1424 | D:5      | Reached skill level 1 in Fighting
  1424 | D:5      | Reached skill level 1 in Conjurations
  1424 | D:5      | Reached skill level 1 in Air Magic
  1432 | D:5      | Found a shimmering altar of Xom.
  1480 | D:5      | Found a staircase to the Ecumenical Temple.
  1530 | D:5      | Noticed Duvessa
  1532 | D:5      | Noticed Dowan
  1543 | D:5      | Killed Dowan
  1544 | D:5      | Reached skill level 10 in Poison Magic
  1544 | D:5      | Killed Duvessa
  1572 | D:5      | Learned a level 3 spell: Stone Arrow
  1652 | D:6      | Reached skill level 1 in Earth Magic
  1710 | D:6      | Gained mutation: You passively map the area around you.
                  | [Meteoran growth]
  1710 | D:6      | Reached XP level 9. HP: 67/67 MP: 3/16
  1718 | D:6      | Reached skill level 5 in Spellcasting
  1769 | D:5      | Noticed Edmund
  1780 | D:5      | Killed Edmund
  1844 | D:6      | Reached skill level 6 in Spellcasting
  1995 | D:7      | Reached skill level 5 in Conjurations
  2158 | D:8      | Reached ** piety under Vehumet
  2158 | D:8      | Offered knowledge of Magic Dart by Vehumet.
  2303 | D:8      | Found a snail-covered altar of Cheibriados.
  2369 | D:8      | Identified the +2 leather armour "Zieblucw" {rPois Regen+
                  | SInv Stlth-}
  2376 | D:8      | Noticed Gastronok
  2429 | D:8      | Reached skill level 5 in Earth Magic
  2429 | D:8      | Reached XP level 10. HP: 30/77 MP: 4/21
  2484 | D:8      | Killed Gastronok
  2485 | D:8      | Reached skill level 7 in Spellcasting
  2814 | D:9      | Reached skill level 1 in Armour
  2850 | D:9      | Learned a level 5 spell: Lee's Rapid Deconstruction
  2933 | D:10     | Entered Level 10 of the Dungeon
  3299 | D:9      | Found an opulent altar of Gozag.
  3299 | D:9      | Found an iron altar of Okawaru.
  3337 | D:9      | Found a runed translucent gate.
  3337 | D:9      | Noticed a kobold demonologist
  3338 | D:9      | Found a runed translucent gate.
  3338 | D:9      | Noticed pdpol's ghost (novice MiFi)
  3339 | D:9      | Found a runed translucent gate.
  3371 | D:9      | Found Coaricw's Magic Scroll Boutique.
  3374 | D:9      | Bought a scroll of blinking for 127 gold pieces
  3374 | D:9      | Bought a scroll of fog for 68 gold pieces
  3405 | D:9      | Reached XP level 11. HP: 81/85 MP: 13/23
  3405 | D:9      | Offered knowledge of Ignite Poison by Vehumet.
  3406 | D:9      | Reached skill level 5 in Fighting
  3497 | D:10     | Reached skill level 8 in Spellcasting
  3514 | D:10     | Reached *** piety under Vehumet
  3634 | D:10     | Found a staircase to the Orcish Mines.
  3642 | Orc:1    | Entered Level 1 of the Orcish Mines
  3652 | Orc:1    | Noticed an orc sorcerer
  3653 | Orc:1    | Learned a level 3 spell: Ignite Poison
  3660 | Orc:1    | Reached skill level 1 in Maces & Flails
  3660 | Orc:1    | Killed an orc sorcerer
  3662 | Orc:1    | Noticed Erolcha
  3683 | D:10     | Offered knowledge of Airstrike by Vehumet.
  3784 | D:11     | Reached skill level 10 in Earth Magic
  3789 | D:11     | Reached XP level 12. HP: 70/97 MP: 13/25
  3823 | D:10     | Noticed Urug
  3829 | D:10     | Killed Urug
  3957 | Orc:1    | Killed Erolcha
  3957 | Orc:1    | Reached **** piety under Vehumet
  3993 | Orc:1    | Offered knowledge of Lightning Bolt by Vehumet.
  4000 | Orc:1    | Learned a level 5 spell: Lightning Bolt
  4065 | Orc:2    | Entered Level 2 of the Orcish Mines
  4067 | Orc:2    | Noticed an orc warlord
  4078 | Orc:2    | Killed an orc warlord
  4079 | Orc:2    | Reached skill level 9 in Spellcasting
  4132 | Orc:2    | Reached skill level 5 in Maces & Flails
  4132 | Orc:2    | Reached skill level 5 in Dodging
  4135 | Orc:2    | Found Dysut's Jewellery Boutique.
  4135 | Orc:2    | Found a staircase to the Elven Halls.
  4206 | Orc:1    | Found Aneonais's Weapon Shop.
  4234 | Orc:2    | Noticed an orc knight
  4241 | Orc:2    | Killed an orc knight
  4393 | Orc:2    | Noticed a centaur warrior
  4393 | Orc:2    | Noticed an orc knight
  4404 | Orc:2    | Killed a centaur warrior
  4411 | Orc:2    | Noticed Saint Roka
  4413 | Orc:2    | an orc knight changed into a dream sheep
  4417 | Orc:2    | Reached ***** piety under Vehumet
  4419 | Orc:2    | Offered knowledge of Orb of Destruction by Vehumet.
  4420 | Orc:2    | Reached skill level 10 in Spellcasting
  4420 | Orc:2    | Reached XP level 13. HP: 59/107 MP: 11/28
  4442 | Orc:2    | Killed Saint Roka
  4591 | Orc:2    | Found Qaschauxu's Antique Armour Shop.
  4591 | Orc:2    | Found Huojedad's Antique Weapon Shoppe.
  4593 | Orc:2    | Found Ypnaesm's Jewellery Emporium.
  4595 | Orc:2    | Found Ycoseyne's Armour Boutique.
  4612 | Orc:2    | Reached skill level 10 in Conjurations
  4627 | Orc:2    | Bought a pair of embroidered gloves for 225 gold pieces
  4639 | Orc:2    | Bought an iridescent whip for 210 gold pieces
  4639 | Orc:2    | Identified the +8 whip "Abbeobry" {drain, rElec MP+9} (You
                  | bought it in a shop on level 2 of the Orcish Mines)
  4663 | Orc:2    | Reached skill level 11 in Spellcasting
  4885 | D:11     | Found a staircase to the Lair.
  4904 | D:11     | Learned a level 7 spell: Orb of Destruction
  4987 | D:9      | Bought a scroll of amnesia for 68 gold pieces
  5071 | Lair:1   | Entered Level 1 of the Lair of Beasts
  5119 | Lair:1   | Noticed an eight-headed hydra
  5122 | Lair:1   | Killed an eight-headed hydra
  5254 | Lair:1   | Reached skill level 1 in Shields
  5304 | Lair:3   | Found a staircase to the Snake Pit.
  5344 | Lair:4   | Reached XP level 14. HP: 115/115 MP: 28/30
  5350 | Lair:4   | Offered knowledge of Ozocubu's Refrigeration by Vehumet.
  5371 | Lair:5   | Entered Level 5 of the Lair of Beasts
  5377 | Lair:5   | Reached skill level 12 in Spellcasting
  5695 | Lair:2   | Found a staircase to the Shoals.
  5721 | Shoals:1 | Entered Level 1 of the Shoals
  5751 | Shoals:2 | Noticed Polyphemus
  5754 | Shoals:2 | Reached skill level 5 in Shields
  5762 | Shoals:2 | Killed Polyphemus
  5763 | Shoals:2 | Reached skill level 13 in Spellcasting
  5802 | Shoals:2 | Noticed a merfolk javelineer
  5808 | Shoals:2 | Killed a merfolk javelineer
  5879 | Shoals:3 | Reached XP level 15. HP: 121/121 MP: 33/33
  5904 | Shoals:4 | Entered Level 4 of the Shoals
  5904 | Shoals:4 | Found a stormy altar of Qazlal.
  6012 | Shoals:4 | Paralysed by an air elemental for 1 turns
  6058 | Shoals:4 | Offered knowledge of Iskenderun's Battlesphere by Vehumet.
  6069 | Shoals:4 | Reached skill level 5 in Evocations
  6140 | Shoals:4 | Paralysed by an air elemental for 1 turns
  6145 | Shoals:4 | Paralysed by an air elemental for 1 turns
  6149 | Shoals:4 | Paralysed by an air elemental for 1 turns
  6245 | Shoals:4 | Identified the +8 flail "Vuteinu" {flame, rF+ rC+ Str-5}
  6254 | Shoals:4 | Noticed a storm dragon
  6259 | Shoals:4 | Reached skill level 14 in Spellcasting
  6264 | Shoals:4 | Killed a storm dragon
  6493 | Shoals:4 | Got a barnacled rune of Zot
  6494 | Shoals:4 | Identified the +0 pair of boots of Beogh's Delight {*Slow
                  | Regen+ Int+6}
  6651 | Snake:1  | Entered Level 1 of the Snake Pit
  6761 | Snake:1  | Reached skill level 15 in Conjurations
  6832 | Snake:1  | Identified a scroll of acquirement
  6833 | Snake:1  | Acquired a book of Alchemy
  6841 | Snake:1  | Learned a level 5 spell: Irradiate
  6858 | Snake:2  | Reached skill level 10 in Shields
  6858 | Snake:2  | Reached XP level 16. HP: 126/128 MP: 35/35
  7019 | Snake:3  | Found a runed translucent door.
  7027 | Snake:3  | Noticed Nys Cevy's ghost (adept TrFi)
  7180 | Snake:4  | Entered Level 4 of the Snake Pit
  7198 | Snake:4  | Identified the +3 kite shield "Vaxuid" {rC- rCorr Str+2}
  7198 | Snake:4  | Noticed Asterion
  7204 | Snake:4  | Noticed Aizul
  7204 | Snake:4  | Killed Asterion
  7379 | Snake:3  | Killed Aizul
  7379 | Snake:3  | Offered knowledge of Iron Shot by Vehumet.
  7380 | Snake:3  | Reached skill level 15 in Spellcasting
  7387 | Snake:3  | Learned a level 6 spell: Iron Shot
  7422 | Snake:4  | Noticed Donald
  7481 | Snake:4  | Noticed a nagaraja
  7484 | Snake:4  | Killed a nagaraja
  7507 | Snake:4  | Reached XP level 17. HP: 138/138 MP: 27/37
  7539 | Snake:4  | Reached ****** piety under Vehumet
  7551 | Snake:4  | Noticed a nagaraja
  7614 | Snake:4  | Killed Donald
  7772 | Snake:4  | Reached skill level 10 in Dodging
  7823 | Snake:4  | Noticed a nagaraja
  7833 | Snake:4  | Killed a nagaraja
  7858 | Snake:4  | Noticed a nagaraja
  7881 | Snake:4  | Killed a nagaraja
  7913 | Snake:4  | Killed a nagaraja
  7964 | Snake:4  | Reached skill level 10 in Fighting
  8024 | Snake:4  | Reached skill level 16 in Spellcasting
  8040 | Snake:4  | Reached skill level 10 in Maces & Flails
  8078 | Snake:4  | Noticed a nagaraja
  8093 | Snake:4  | Killed a nagaraja
  8147 | Snake:4  | Got a serpentine rune of Zot
  8367 | Lair:3   | Offered knowledge of Conjure Ball Lightning by Vehumet.
  8488 | Lair:3   | Learned a level 6 spell: Conjure Ball Lightning
  8781 | Lair:5   | Gained mutation: You passively map a large area around you.
                  | [Meteoran growth]
  8781 | Lair:5   | Reached XP level 18. HP: 147/147 MP: 33/39
  8892 | Lair:5   | Reached skill level 5 in Air Magic
  8919 | Lair:5   | Found a staircase to the Slime Pits.
  9300 | Lair:5   | Found a viscous altar of Jiyva.
  9362 | Slime:1  | Entered Level 1 of the Pits of Slime
  9363 | Slime:1  | Noticed an acid blob
  9367 | Slime:1  | Killed an acid blob
  9408 | Slime:3  | Offered knowledge of Spellforged Servitor by Vehumet.
  9454 | Slime:4  | Noticed an acid blob
  9456 | Slime:4  | Killed an acid blob
  9460 | Slime:5  | Entered Level 5 of the Pits of Slime
  9466 | Slime:5  | Noticed an acid blob
  9474 | Slime:5  | Killed an acid blob
  9483 | Slime:5  | Noticed an acid blob
  9488 | Slime:5  | Killed an acid blob
  9499 | Slime:5  | Noticed an acid blob
  9499 | Slime:5  | Noticed an acid blob
  9505 | Slime:5  | Killed an acid blob
  9508 | Slime:5  | Killed an acid blob
  9510 | Slime:5  | Noticed an acid blob
  9543 | Slime:5  | Killed an acid blob
  9543 | Slime:5  | Noticed an acid blob
  9546 | Slime:5  | Noticed an acid blob
  9548 | Slime:5  | Killed an acid blob
  9551 | Slime:5  | Noticed an acid blob
  9551 | Slime:5  | Paralysed by a great orb of eyes for 5 turns
  9552 | Slime:5  | Noticed an acid blob
  9552 | Slime:5  | Noticed the Royal Jelly
  9558 | Slime:4  | Killed an acid blob
  9560 | Slime:4  | Reached skill level 10 in Air Magic
  9560 | Slime:4  | Reached XP level 19. HP: 55/154 MP: 6/40
  9704 | Slime:5  | Noticed an acid blob
  9704 | Slime:5  | Noticed an acid blob
  9704 | Slime:5  | Killed an acid blob
  9705 | Slime:5  | Noticed an acid blob
  9705 | Slime:5  | Noticed an acid blob
  9706 | Slime:5  | Killed an acid blob
  9706 | Slime:5  | Killed an acid blob
  9706 | Slime:5  | Killed the Royal Jelly
  9706 | Slime:5  | Noticed an acid blob
  9779 | Slime:5  | Noticed an acid blob
  9784 | Slime:5  | Killed an acid blob
  9794 | Slime:5  | Killed an acid blob
  9799 | Slime:5  | Identified the +3 great mace of Eternal War {spect, rElec
                  | rF- MP+9 Dex+3}
  9824 | Slime:5  | Identified the +6 battleaxe of Qairhyw {spect, rF- Will+
                  | Stlth+}
  9833 | Slime:5  | Identified the amulet "Emewkuhi" {Acrobat Slay+5}
  9837 | Slime:5  | Got a slimy rune of Zot
  9840 | Slime:5  | Identified the ring "Howeif" {rN+ Int+4}
  9923 | Slime:5  | Killed an acid blob
  9930 | Slime:5  | Killed an acid blob
  9975 | Slime:5  | Noticed an acid blob
 10052 | Slime:5  | Killed an acid blob
 10332 | D:11     | Noticed Josephine
 10340 | D:11     | Killed Josephine
 10633 | D:11     | Noticed Harold
 10637 | D:11     | Killed Harold
 10861 | D:12     | Noticed Snorg
 10863 | D:12     | Killed Snorg
 10910 | D:12     | Found a shadowy altar of Dithmenos.
 10969 | D:13     | Found a gate to the Vaults.
 10983 | Vaults:1 | Entered Level 1 of the Vaults
 11012 | Vaults:2 | Offered knowledge of Maxwell's Capacitive Coupling by
                  | Vehumet.
 11270 | Vaults:3 | Learned a level 8 spell: Maxwell's Capacitive Coupling
 11320 | Vaults:3 | Reached skill level 5 in Armour
 11358 | Vaults:4 | Reached skill level 17 in Spellcasting
 11362 | Vaults:4 | Reached XP level 20. HP: 163/163 MP: 20/42
 11398 | Vaults:5 | Entered Level 5 of the Vaults
 11402 | Vaults:5 | Noticed a tentacled monstrosity
 11402 | Vaults:5 | Noticed a golden dragon
 11406 | Vaults:5 | Killed a golden dragon
 11406 | Vaults:5 | Noticed a tentacled monstrosity
 11409 | Vaults:5 | Killed a tentacled monstrosity
 11416 | Vaults:4 | Noticed Frederick
 11718 | Vaults:2 | Reached skill level 18 in Spellcasting
 11876 | Vaults:2 | Noticed Margery
 11890 | Vaults:2 | Killed Margery
 11949 | Vaults:2 | Reached XP level 21. HP: 169/173 MP: 31/44
 12193 | Vaults:4 | Offered knowledge of Lehudib's Crystal Spear by Vehumet.
 12193 | Vaults:4 | Offered knowledge of Chain Lightning by Vehumet.
 12193 | Vaults:4 | Offered knowledge of Ignition by Vehumet.
 12208 | Vaults:4 | Killed Frederick
 12254 | Vaults:5 | Noticed an ancient lich
 12267 | Vaults:5 | Noticed a golden dragon
 12269 | Vaults:5 | Noticed a tentacled monstrosity
 12269 | Vaults:5 | Noticed a golden dragon
 12278 | Vaults:5 | Got a silver rune of Zot
 12286 | Vaults:5 | Killed a tentacled monstrosity
 12290 | Vaults:5 | Killed a golden dragon
 12291 | Vaults:5 | Reached skill level 19 in Spellcasting
 12302 | Vaults:5 | Killed an ancient lich
 12310 | Vaults:5 | Killed a tentacled monstrosity
 12596 | D:13     | Upgraded the game from 0.29.0-5-ge4962eb29e to
                  | 0.29.0-7-g18a832c13a
 12653 | D:13     | Noticed Kirke
 12658 | D:13     | Killed Kirke
 12677 | D:13     | Learned a level 9 spell: Chain Lightning
 12701 | D:14     | Identified the +1 pair of gloves of Wariness {Will+}
 12809 | D:15     | Entered Level 15 of the Dungeon
 12824 | D:15     | Noticed Jorgrun
 12829 | D:15     | Killed Jorgrun
 13086 | D:15     | Noticed Agnes
 13089 | D:15     | Killed Agnes
 13199 | D:15     | Reached XP level 22. HP: 181/181 MP: 42/46
 13247 | D:15     | Noticed Azrael
 13250 | D:15     | Killed Azrael
 13307 | D:15     | Found a staircase to the Depths.
 13334 | Depths:1 | Entered Level 1 of the Depths
 13334 | Depths:1 | Found a sparkling altar of Nemelex Xobeh.
 13398 | Depths:1 | Noticed Nikola
 13404 | Depths:1 | Killed Nikola
 13408 | Depths:1 | Reached skill level 20 in Spellcasting
 13517 | Depths:1 | Got the Monograph on Convocation and Terra Firma
 13527 | Depths:1 | Found a gateway to Hell.
 13586 | Depths:2 | Found a one-way gate leading to the halls of Pandemonium.
 13602 | Depths:2 | Reached skill level 15 in Shields
 13664 | Depths:4 | Entered Level 4 of the Depths
 13679 | Depths:3 | Reached skill level 15 in Air Magic
 13964 | Depths:3 | Reached XP level 23. HP: 188/188 MP: 2/48
 14076 | Depths:3 | Noticed a golden dragon
 14079 | Depths:3 | Killed a golden dragon
 14092 | Depths:3 | Noticed a juggernaut
 14102 | Depths:3 | Killed a juggernaut
 14234 | Depths:2 | Noticed a caustic shrike
 14234 | Depths:2 | Noticed a caustic shrike
 14234 | Depths:2 | Noticed a caustic shrike
 14234 | Depths:2 | Noticed a caustic shrike
 14234 | Depths:2 | Noticed a caustic shrike
 14242 | Depths:3 | Noticed a caustic shrike
 14244 | Depths:3 | a caustic shrike changed into an iron dragon
 14307 | Depths:3 | Reached skill level 21 in Spellcasting
 14315 | Depths:3 | Got the Compendium of the Comitatus and Heat
 14330 | Depths:3 | Noticed a golden dragon
 14334 | Depths:3 | Killed a golden dragon
 14403 | Depths:4 | Noticed a juggernaut
 14431 | Depths:4 | Noticed a golden dragon
 14478 | Depths:4 | Killed a golden dragon
 14718 | Depths:4 | Found a transporter.
 14725 | Depths:4 | Noticed a caustic shrike
 14730 | Depths:4 | Noticed Barug's ghost (adept TrMo)
 14737 | Depths:4 | Noticed a golden dragon
 14744 | Depths:4 | Found a transporter.
 14783 | Depths:4 | Reached XP level 24. HP: 145/195 MP: 19/49
 14993 | Depths:3 | Found a one-way gate to the infinite horrors of the Abyss.
 15011 | Depths:3 | Learned a level 6 spell: Statue Form
 15012 | Depths:3 | Voluntarily entered the Abyss.
 15043 | Abyss:2  | Found a corrupted altar of Lugonu.
 15099 | Abyss:2  | Found a runed translucent gate.
 15100 | Abyss:2  | Found a runed translucent gate.
 15100 | Abyss:2  | Found a runed translucent gate.
 15119 | Abyss:2  | Found a runed translucent gate.
 15119 | Abyss:2  | Found a runed translucent gate.
 15119 | Abyss:2  | Found a runed translucent gate.
 15119 | Abyss:2  | Found a runed translucent gate.
 15119 | Abyss:2  | Found a runed translucent gate.
 15119 | Abyss:2  | Found a runed translucent gate.
 15169 | Abyss:3  | Found a corrupted altar of Lugonu.
 15358 | Abyss:3  | Paralysed by a floating eye for 2 turns
 15377 | Abyss:3  | Paralysed by a floating eye for 4 turns
 15382 | Abyss:3  | Paralysed by a floating eye for 4 turns
 15383 | Abyss:3  | HP: 6/156 [blizzard demon/the air (7)]
 15384 | Abyss:3  | Mangled by a bone dragon

Illustrated notes

Levels and vault maps discovered:
D:1:      giann_horns, layout_basic, shapermc_ecumenical_altar_ellora
D:2:      layout_basic, kennysheep_generic_room_10
D:3:      layout_loops_ring, zin_academy, uniq_robin, uniq_jessica, uniq_natasha
D:4:      layout_rooms, mainiacjoe_overflow_paths, uniq_grinder,
          uniq_crazy_yiuf_cottage, uniq_ijyb
D:5:      dreamdust_elfheim, layout_basic, lemuel_coloured_pillars_altar,
          temple_pool_b, hangedman_abyss_or_decor_lesser_grid, uniq_edmund,
          uniq_menkaure
D:6:      layout_rooms, mainiacjoe_overflow_two_lobes,
          nicolae_overflow_hidden_temple, uniq_duvessa
D:7:      layout_loops_ring, uniq_prince_ribbit1
D:8:      layout_loops_ring, nicolae_overflow_crystal_walls,
          serial_bayou_ford_a, roderic_batcave, uniq_gastronok
D:9:      layout_irregular_city, mainiacjoe_overflow_divided_tiny,
          gammafunk_ghost_nasty_kobolds, serial_shops, shop, st_stairs_14
D:10:     layout_irregular_city, david_orc_1_choice, minmay_ruffians, uniq_urug
D:11:     layout_loops_corners, david_lair_shrubbed, uniq_josephine, uniq_harold
D:12:     due_chaos_kobolds, layout_cave_pools,
          grunt_dithmenos_smoke_and_mirrors, uniq_snorg
D:13:     layout_roguey, david_vaults_1, uniq_kirke
D:14:     layout_rooms, grunt_ogre_cave, kennysheep_four_rooms, uniq_rupert
D:15:     grunt_enter_depths_hoard, layout_irregular_city,
          hangedman_decor_slide_cut, grunt_ministairs_1, uniq_agnes,
          uniq_azrael, uniq_jorgrun
Lair:1:   layout_hall_layers, cheibrodos_lair_lostbears, lemuel_fruit_tree
Lair:2:   layout_gridlike, minmay_shoals_entry_beasts, lemuel_fruit_fields
Lair:3:   nzn_winding_woodlands_huge [nzn_winding_woodlands_5x15_longhouse,
          nzn_winding_woodlands_5x15_split_checker,
          nzn_winding_woodlands_5x15_eye, nzn_winding_woodlands_5x15_default,
          nzn_winding_woodlands_5x15_river_crossing,
          nzn_winding_woodlands_5x15_jagged,
          nzn_winding_woodlands_5x15_lazy_stream,
          nzn_winding_woodlands_5x15_pool, nzn_winding_woodlands_5x15_crooked,
          nzn_winding_woodlands_5x15_parted,
          nzn_winding_woodlands_center_triple_pond,
          nzn_winding_woodlands_center_lodge,
          nzn_winding_woodlands_15x15_killbox], layout_hall_layers,
          fungi_pond_lemuel
Lair:4:   layout_cave_shapes, ebering_ghost_reflecting_pool
Lair:5:   minmay_lair_end_frog_pond, layout_long_grid, slime_entry_1
Shoals:1: layout_shoals, serial_shops, shop
Shoals:2: layout_shoals, uniq_polyphemus
Shoals:3: layout_shoals
Shoals:4: shoals_end_hellmonk_storm_palace [storm_palace_center_square,
          storm_palace_corner_narrow, storm_palace_corner_pillars,
          storm_palace_corner_blocked, storm_palace_corner_altar]
Snake:1:  layout_basic, basic_altar, drop_trap, nicolae_snake_shapes
Snake:2:  layout_rooms, serial_shops, nicolae_shop_trees, grunt_megastairs_2
Snake:3:  layout_cave_town, ebering_ghost_inner_flame
Snake:4:  snake_pit, layout_onion_interference, uniq_aizul, uniq_asterion,
          uniq_donald
Slime:1:  layout_caves, nicolae_slime_ancient_tower_intersection
Slime:2:  cheibrodos_slime_lost_civilization_9, layout_caves
Slime:3:  layout_caves
Slime:4:  layout_caves
Slime:5
Orc:1:    layout_diamond_mine, serial_shops, nicolae_shop_waterfront,
          mines4_lemuel, uniq_sonja, uniq_erolcha
Orc:2:    st_orc_rangers, layout_diamond_mine, serial_shops, shop,
          uniq_saint_roka
Vaults:1: vaults_room_hallway, ontoclasm_vaults_fault, v_misc_13, v_misc_14,
          v_misc_24, vaults_dpeg_ring, layout_vaults_omnigrid, serial_shops,
          nicolae_shop_trees
Vaults:2: v_misc_2, v_alt_pattern_3, ontoclasm_vaults_ring_large, v_misc_26,
          v_misc_11, v_rooms_3, grunt_vaults_trifunnel, v_misc_16,
          layout_vaults_omnicross, uniq_margery
Vaults:3: ontoclasm_vaults_spin, blue_anna_dwarven_crypt,
          ontoclasm_vaults_bender, hangedman_vaults_variations,
          nicolae_vaults_specimen_jars, v_rooms_5, v_misc_13,
          hangedman_vaults_pinch, vaults_room_hallway,
          vaults_room_grunt_arrival_ludios, vaults_room_semicircle,
          ontoclasm_vaults_gallery, nicolae_vaults_bisected_exclaves,
          layout_vaults_maze, uniq_zenata
Vaults:4: ontoclasm_vaults_chip, nicolae_vaults_little_squares_1, st_check,
          ontoclasm_vaults_claustrophobia, vaults_room_door_ring, v_misc_3,
          vaults_dpeg_cross, v_misc_17, nicolae_vaults_triangles,
          ontoclasm_vaults_gateway, layout_vaults_big_room, serial_shops,
          nicolae_shop_crystal, uniq_frederick
Vaults:5: serial_shops
Depths:1: layout_cave_pools, grunt_mini_vestibule, abyss_entry,
          nemelex_xobeh_ov_fountains_minmay, guppyfry_shop_venom,
          minmay_shoptagon, uniq_nikola
Depths:2: minmay_the_grid_4x2 [minmay_the_grid_spikes,
          minmay_the_grid_outer_diamond, minmay_the_grid_zigzag_pyramid,
          minmay_the_grid_gridbox, minmay_the_grid_tiny_cups,
          minmay_the_grid_box_x, minmay_the_grid_diamond_grid,
          minmay_the_grid_prize_four_corners_diamond_b], layout_honeycomb,
          enter_ziggurat_a, hell_entry, rand_demon_pan_entry_3,
          minmay_staircase_windowed_small, uniq_josephina
Depths:3: nooodl_heptagram, layout_long_grid, nicolae_twisting_strands,
          grunt_hell_entry_dis_old, minmay_room_of_horrors
Depths:4: lemuel_castle_with_subvaults [lemuel_castle_interior_carwin_1],
          layout_basic, nzn_ghost_randoct, pf_hell_entry_tar_river
Abyss:3:  base: Crypt:3, hangedman_abyss_or_decor_passed,
          hangedman_abyss_shoalhut, evilmike_abyss_rune_ettins, base: Crypt:3,
          evilmike_abyss_rune_ettins

Skill      XL: |  1  2  3  4  5  6  7  8  9 10 11 12 13 14 15 16 17 18 19 20 21 22 23 24 |
---------------+-------------------------------------------------------------------------+-----
Poison Magic   | 4 5 6 7 9 10 | 10.0
Spellcasting   | 3 4 6 7 8 10 11 13 14 15 16 17 18 19 20 21 | 21.9
Fighting       | 2 3 4 6 7 8 9 10 11 12 | 12.0
Conjurations   | 3 5 6 8 9 11 13 15 16 17 18 | 18.0
Air Magic      | 3 10 12 13 16 18 19 | 19.4
Dodging        | 3 4 5 7 8 9 10 11 12 | 12.0
Earth Magic    | 1 5 7 10 11 12 13 14 | 14.0
Evocations     | 3 4 6 7 8 |  8.0
Armour         | 2 4 5 7 8 |  8.0
Maces & Flails | 3 5 7 8 10 11 12 | 12.0
Shields        | 2 8 10 11 12 14 15 16 17 | 17.5
Transmutations | 4 |  4.0
Stealth        | |  1.4

Action                   |  1- 3 |  4- 6 |  7- 9 | 10-12 | 13-15 | 16-18 | 19-21 | 22-24 || total
-------------------------+-------+-------+-------+-------+-------+-------+-------+-------++-------
Melee: Whip              |    34 |    25 |    61 |     7 |    11 |     3 |    11 |       ||   152
       Trident           |       |       |       |    34 |       |       |       |       ||    34
       Eveningstar       |       |       |       |    13 |    13 |   258 |    59 |   195 ||   538
       Staff             |       |       |       |       |       |       |       |    10 ||    10
 Cast: Sting             |    42 |    13 |    45 |       |       |     1 |       |       ||   101
       Olgreb's Toxic Ra |       |     4 |    28 |    56 |    87 |    10 |    20 |    23 ||   228
       Poisonous Vapours |       |     2 |    26 |     9 |     1 |       |       |       ||    38
       Shock             |       |       |    19 |       |       |       |       |       ||    19
       Stone Arrow       |       |       |    21 |    45 |   129 |    41 |       |       ||   236
       Mephitic Cloud    |       |       |     1 |       |    22 |     1 |       |       ||    24
       Lee's Rapid Decon |       |       |       |     8 |    41 |    60 |    82 |    68 ||   259
       Ignite Poison     |       |       |       |     9 |    43 |     4 |       |       ||    56
       Orb of Destructio |       |       |       |       |     7 |    29 |    15 |     5 ||    56
       Lightning Bolt    |       |       |       |       |     1 |    18 |     5 |     1 ||    25
       Irradiate         |       |       |       |       |       |    18 |    10 |     9 ||    37
       Iron Shot         |       |       |       |       |       |   101 |   240 |   217 ||   558
       Conjure Ball Ligh |       |       |       |       |       |    13 |    12 |     6 ||    31
       Chain Lightning   |       |       |       |       |       |       |       |     1 ||     1
Evoke: Wand              |       |       |     4 |     6 |    11 |    15 |     1 |    19 ||    56
       Condenser vane    |       |       |       |       |       |     2 |       |       ||     2
       Tin of tremorston |       |       |       |       |       |       |     4 |     1 ||     5
       Phial of floods   |       |       |       |       |       |       |       |     2 ||     2
       Box of beasts     |       |       |       |       |       |       |       |     1 ||     1
  Use: Potion            |       |     3 |     1 |     2 |     5 |     2 |     7 |     5 ||    25
       Scroll            |       |     2 |     3 |    11 |    19 |     4 |    12 |     3 ||    54
 Stab: Distracted        |       |       |       |       |       |       |       |     1 ||     1
Armor: Robe              |    18 |     3 |    19 |       |       |       |       |       ||    40
       Skin              |       |    15 |       |       |       |       |       |       ||    15
       Leather armour    |       |       |     4 |    52 |    39 |    59 |    26 |    64 ||   244
Dodge: Dodged            |    27 |     7 |    53 |    66 |    66 |   145 |    48 |    67 ||   479
Block: Kite shield       |       |       |       |       |    40 |   380 |    12 |       ||   432
       Reflection        |       |       |       |       |     8 |    67 |    40 |     4 ||   119
       Tower shield      |       |       |       |       |       |       |   197 |   405 ||   602
